 Dungeon Crawl Stone Soup version 0.29.1-4-g47bece8355 (webtiles) character file.

Game seed: 6249496913194020728

91 KittyFluff the Trooper (level 4, -4/30 HPs)
             Began as a Gargoyle Berserker on Dec 6, 2022.
             Was a Believer of Trog.
             Slain by an orc
             ... wielding a +0 flail
              (5 damage)
             ... on level 3 of the Dungeon.
             The game lasted 00:07:25 (2528 turns).

KittyFluff the Trooper (Gargoyle Berserker)         Turns: 2528, Time: 00:07:26

Health: -4/30      AC:  5    Str: 20    XL:     4   Next: 57%
Magic:  4/4        EV: 12    Int:  8    God:    Trog [**....]
Gold:   116        SH:  0    Dex: 11    Spells: 3/3 levels left

rFire   . . .      SeeInvis +   a - +0 mace
rCold   . . .      Faith    .   (no shield)
rNeg    + . .      Spirit   .   b - +0 animal skin
rPois   ∞          Reflect  .   (no helmet)
rElec   +          Harm     .   (no cloak)
rCorr   .          Rampage  .   (no gloves)
Will    .....                   (no boots)
Stlth   +.........              (no amulet)
HPRegen 0.10/turn               h - ring of see invisible
MPRegen 0.09/turn               (no ring)

@: no status effects
A: sickness immunity, AC +3, negative energy resistance 1, electricity
resistance, torment resistance 1, petrification resistance
a: Renounce Religion, Berserk, Trog's Hand


You were on level 3 of the Dungeon.
You worshipped Trog.
Trog was pleased with you.
You visited 1 branch of the dungeon, and saw 3 of its levels.

You collected 116 gold pieces.

Inventory:

Hand Weapons
 a - a +0 mace (weapon)
Missiles
 k - 7 stones (quivered)
Armour
 b - a +0 animal skin (worn)
Jewellery
 h - a ring of see invisible (left hand)
Scrolls
 c - a scroll of identify {unknown}
 f - a scroll of amnesia {unknown}
 i - a scroll of enchant armour {unknown}
 j - a scroll of brand weapon {unknown}
 m - a scroll of teleportation {unknown}
 n - a scroll of blinking {unknown}
Potions
 d - 2 potions of heal wounds {unknown}
 e - a potion of might {unknown}
 g - 5 potions of brilliance {unknown}
 l - a potion of ambrosia {unknown}
 o - a potion of berserk rage {unknown}
 p - a potion of haste {unknown}


   Skills:
 * Level 4.4 Fighting
 + Level 3.8 Maces & Flails
 + Level 0.5 Throwing
 + Level 2.6 Armour
 + Level 1.8 Dodging
 + Level 0.5 Stealth


You had 3 spell levels left.
You didn't know any spells.
Your spell library was empty.

Dungeon Overview and Level Annotations

Branches:
Dungeon (3/15)

Altars:

Shops:
D:1 !


Innate Abilities, Weirdness & Mutations

You are immune to sickness and miasma.
Your stone body is resilient. (AC +3)
You are immune to poison.
You resist negative energy. (rN+)
You are resistant to electric shocks. (rElec)
You are resistant to unholy torment.
You are immune to petrification.


Message History

The orc shouts!
You hear a shout!
An orc comes into view. It is wielding a +0 flail.
You see here a +0 dagger.
An orc and an orc priest come into view.
The orc priest shouts!
The orc priest moves out of view.
You hit the orc.
The orc is moderately wounded.
The orc barely misses you.
You barely miss the orc.
The orc is moderately wounded.
The orc hits you but does no damage.
You closely miss the orc.
The orc is moderately wounded.
The orc hits you but does no damage.
You closely miss the orc.
The orc is moderately wounded.
The orc hits you but does no damage. x2
You barely miss the orc.
The orc is moderately wounded.
The orc closely misses you.
The orc priest casts a cantrip, but nothing happens.
You sock the orc!
You kill the orc!
Trog accepts your kill.
You hit the orc but do no damage.
The orc priest begins to cast a cantrip, but forgets the words!
The orc hits you with a +0 flail.
You thump the orc!
You kill the orc!
Trog accepts your kill.
The orc priest calls down the wrath of Beogh upon you.
Beogh smites you!
The orc throws a boomerang.
The boomerang hits you.
* * * LOW HITPOINT WARNING * * *
The orc hits you with a +0 flail!
* * * LOW HITPOINT WARNING * * *
Items here: )) [ †.
You closely miss the orc. The orc closely misses you.
The orc hits you with a +0 flail.
You die...

#.# #.##...# #.# #.#....#
#.# #......## ####.#
##.......## ##.##.#
#.........# #
####...#.####........####
+......)................+
####...#.######......####
##.##@# ##.##.## ####o#
#.# ## .o# #.# #... #.#
.### ####.## ..
#.....####### ..
#.##......... #.
#.###.######. #.# #.# #.


You could see an orc priest and an orc.

Vanquished Creatures
  2 adders
  4 worms (D:2)
  2 dart slugs (D:1)
  3 orcs (D:3)
  6 ball pythons
  4 endoplasms (D:1)
  5 giant cockroaches
  4 goblins
  4 hobgoblins
  2 kobolds (D:1)
  3 quokkas
  3 bats
  2 frilled lizards
  5 rats
49 creatures vanquished.

Notes
Turn   | Place    | Note
-------+----------+-------------------------------------------
     0 | D:1      | KittyFluff the Gargoyle Berserker began the quest for the
                  | Orb.
     0 | D:1      | Reached XP level 1. HP: 14/14 MP: 1/1
   529 | D:1      | Reached XP level 2. HP: 18/20 MP: 2/2
   565 | D:1      | Reached skill level 4 in Fighting
   639 | D:1      | Found Zeval's Distillery.
   919 | D:1      | Reached XP level 3. HP: 22/24 MP: 3/3
  1375 | D:2      | Found a faded altar of an unknown god.
  1414 | D:2      | Reached ** piety under Trog
  1783 | D:2      | Reached XP level 4. HP: 29/29 MP: 4/4
  2527 | D:3      | HP: 1/30 [orc/+0 flail (7)]
  2528 | D:3      | Slain by an orc

Illustrated notes

Levels and vault maps discovered:
D:1:      matt_arrival_spirals, layout_basic, serial_shops, shop,
          minmay_misc_feat_nine_boxes
D:2:      layout_loops_ring, shapermc_ecumenical_altar_ellora, nicolae_wormholes
D:3:      layout_loops_corners, nicolae_ru_path_of_blood, jmf_multi_god_temple2

Skill      XL: |  1  2 |
---------------+-------+-----
Fighting       | 4 |  4.4
Maces & Flails | |  3.8
Throwing       | |  0.5
Armour         | |  2.6
Dodging        | |  1.8
Stealth        | |  0.5

Action                   |  1- 3 |  4- 6 || total
-------------------------+-------+-------++-------
Melee: Mace              |    95 |    52 ||   147
       Punch             |       |     1 ||     1
Throw: Stone             |    11 |       ||    11
Armor: Animal skin       |    37 |    16 ||    53
Dodge: Dodged            |    53 |    26 ||    79
